 Dungeon Crawl Stone Soup version 0.28-a0-730-g892d06dc2c (webtiles) character file.

Game seed: 17465318115852408948

541 bande the Covered (level 7, -1/44 HPs)
             Began as a Gargoyle Fighter on Oct 28, 2021.
             Slain by a lemure (2 damage)
             ... led by Pikel
             ... on level 4 of the Dungeon.
             The game lasted 00:06:06 (4457 turns).

bande the Covered (Gargoyle Fighter)                Turns: 4457, Time: 00:06:07

Health: -1/44      AC: 13    Str: 20    XL:     7   Next: 26%
Magic:  7/7        EV:  9    Int:  9    God:
Gold:   194        SH:  4    Dex: 10    Spells: 6/6 levels left

rFire   . . .      SeeInvis .   a - +0 war axe
rCold   . . .      Faith    .   c - +0 buckler
rNeg    + . .      Spirit   .   b - +0 scale mail
rPois   ∞          Reflect  .   (no helmet)
rElec   +          Harm     .   k - +0 cloak
rCorr   .          Rampage  .   (no gloves)
Will    .....                   (no boots)
Stlth   ..........              (no amulet)
HPRegen 0.14/turn               (no ring)
MPRegen 0.10/turn               (no ring)

@: mighty
A: sickness immunity, AC +4, negative energy resistance 1, electricity
resistance, torment resistance 1, petrification resistance
a: no special abilities


You were on level 4 of the Dungeon.
You visited 1 branch of the dungeon, and saw 4 of its levels.

You collected 194 gold pieces.

Inventory:

Hand Weapons
 a - a +0 war axe (weapon)
 i - a +0 flail
 l - a +0 war axe
Armour
 b - a +0 scale mail (worn)
 c - a +0 buckler (worn)
 k - a +0 cloak (worn)
Jewellery
 m - an amulet of guardian spirit
Scrolls
 e - 2 scrolls of magic mapping
Potions
 d - a potion of might
 f - a potion of haste
 h - a potion of magic


   Skills:
 + Level 4.5 Fighting
 + Level 4.7 Axes
 + Level 5.5 Armour
 - Level 0.1 Dodging
 - Level 0.2 Stealth
 + Level 4.3 Shields


You had 6 spell levels left.
You didn't know any spells.
Your spell library contained the following spells:

 Spells                   Type           Power      Damage    Failure   Level
 Foxfire                  Conj/Fire      0%         2x1d4     71%         1
 Sting                    Tmut/Pois      0%         1d3       71%         1
 Poisonous Vapours        Pois/Air       0%         N/A       85%         2
 Conjure Flame            Conj/Fire      0%         6-21      97%         3
 Inner Flame              Hex/Fire       0%         N/A       97%         3
 Flame Wave               Conj/Fire      0%         3d3       100%        4
 Olgreb's Toxic Radiance  Pois           0%         N/A       100%        4


Dungeon Overview and Level Annotations

Branches:
Dungeon (4/15)
 Temple: D:4-7

Altars:
Elyvilon

Shops:
D:2 *

Annotations:
D:4 Pikel


Innate Abilities, Weirdness & Mutations

You are immune to sickness and miasma.
Your stone body is resilient. (AC +4)
You are immune to poison.
You resist negative energy. (rN+)
You are resistant to electric shocks. (rElec)
You are resistant to unholy torment.
You are immune to petrification.


Message History

You kill the lemure!
That felt strangely unrewarding.
The lemure hits you but does no damage. You block Pikel's attack.
The giant cockroach bites you but does no damage.
You block the lemure's attack.
You closely miss Pikel.
Pikel is moderately wounded.
You closely miss the lemure. You barely miss the giant cockroach.
Pikel hits you but does no damage. The giant cockroach barely misses you.
The lemure hits you but does no damage.
Pikel hits you with a +0 whip of freezing.
Pikel freezes you.
You closely miss Pikel.
Pikel is moderately wounded.
You slash the lemure! You closely miss the giant cockroach.
The giant cockroach closely misses you. The lemure barely misses you.
Pikel says, "You'll make a fine lemure."
You block Pikel's attack. The giant cockroach misses you.
Unknown command.
You barely miss Pikel.
Pikel is moderately wounded.
You hit the giant cockroach.
You kill the giant cockroach!
You hit the lemure. The lemure hits you but does no damage.
You block Pikel's attack. The lemure hits you.
You hit Pikel.
Pikel is heavily wounded.
You closely miss the lemure. You hit the lemure. The lemure hits you.
* * * LOW HITPOINT WARNING * * *
Pikel closely misses you. The lemure barely misses you. The lemure hits you.
* * * LOW HITPOINT WARNING * * *
Pikel hits you with a +0 whip of freezing.
* * * LOW HITPOINT WARNING * * *
Pikel freezes you.
* * * LOW HITPOINT WARNING * * *
You feel very mighty all of a sudden. The lemure hits you.
* * * LOW HITPOINT WARNING * * *
The lemure hits you.
You die...

##........# #
..........#
##......†.## ##
#.#........# ..###
...........###......
#.............#
##.........#.##
#....###..### #..##
#@## ..# #K55# ..
...5r.. ..........#
#...........#
#......#....#
............##
...........##


You could see Pikel, 3 lemures and a quokka.

Vanquished Creatures
  A necrophage (D:3)
  An ogre (D:4)
  A lemure (D:4)
  2 scorpions
  A water moccasin skeleton (D:4)
  Crazy Yiuf (D:3)
  An orc wizard (D:4)
  A hound skeleton (D:4)
  5 adders
  3 gnolls (D:3)
  A worm (D:4)
  A dart slug (D:1)
  2 orcs
  3 bats
  4 endoplasms
  3 giant cockroaches
  7 goblins
  3 hobgoblins
  10 kobolds
  3 quokkas
  6 ball pythons
  3 frilled lizards
  5 rats
68 creatures vanquished.

Vanquished Creatures (others)
  5 plants (D:3)
5 creatures vanquished.

Grand Total: 73 creatures vanquished

Notes
Turn   | Place    | Note
-------+----------+-------------------------------------------
     0 | D:1      | bande the Gargoyle Fighter began the quest for the Orb.
     0 | D:1      | Reached XP level 1. HP: 14/14 MP: 1/1
   220 | D:1      | Reached XP level 2. HP: 19/19 MP: 2/2
  1078 | D:2      | Reached XP level 3. HP: 21/23 MP: 3/3
  1412 | D:2      | Reached skill level 4 in Armour
  1539 | D:2      | Found Vefe's Assorted Antiques.
  1727 | D:3      | Noticed a necrophage
  1738 | D:3      | Killed a necrophage
  1739 | D:3      | Reached XP level 4. HP: 18/29 MP: 4/4
  1739 | D:3      | Reached XP level 5. HP: 21/33 MP: 5/5
  1905 | D:3      | Found a runed translucent door.
  1906 | D:3      | Noticed Crazy Yiuf
  2560 | D:3      | Found a white marble altar of Elyvilon.
  2681 | D:3      | Reached XP level 6. HP: 27/38 MP: 6/6
  3704 | D:3      | Killed Crazy Yiuf
  3705 | D:3      | Reached skill level 5 in Armour
  4192 | D:4      | Reached XP level 7. HP: 40/44 MP: 7/7
  4437 | D:4      | Noticed Pikel
  4457 | D:4      | HP: 1/44 [lemure[Pikel] (3)]
  4457 | D:4      | Slain by a lemure

Illustrated notes

Levels and vault maps discovered:
D:1:      amcnicky_arrival_blooded_trapdoor, layout_basic, serial_aquarium,
          aquarium_bridge_straight [aquarium_subvault_bridge,
          aquarium_subvault_balcony, aquarium_subvault_bridge,
          aquarium_subvault_wall], aquarium_bridge_island_small
          [aquarium_subvault_small_open, aquarium_subvault_bridge,
          aquarium_subvault_balcony, aquarium_subvault_window,
          aquarium_subvault_bridge], aquarium_window_corner, aquarium_window_1,
          aquarium_window_fake, aquarium_window_1, aquarium_view_2c,
          aquarium_view_2d, aquarium_balcony_double_1
D:2:      layout_rooms, serial_shops, shop_statue, serial_park_tiny_1
D:3:      layout_loops_ring, mainiacjoe_overflow_concentric_impassable,
          serial_bayou, serial_bayou_lake_a, serial_bayou_pond_a,
          serial_bayou_pond_b, serial_bayou_lagoon_a, serial_bayou_pond_e,
          minmay_misc_feat_five, saegor_snake_ambush, uniq_crazy_yiuf_cottage
D:4:      layout_cave_pools, mainiacjoe_overflow_alcove_2,
          chequers_temple_overflow_minitemple, uniq_pikel

Skill      XL: |  1  2  3  4  5  6 |
---------------+-------------------+-----
Axes           | 3 4 |  4.7
Armour         | 4 5 |  5.5
Shields        | 4 |  4.3
Fighting       | 4 |  4.5
Dodging        | |  0.1
Stealth        | |  0.2

Action                   |  1- 3 |  4- 6 |  7- 9 || total
-------------------------+-------+-------+-------++-------
Melee: War axe           |   102 |   168 |    28 ||   298
  Use: Scroll            |     1 |     1 |     4 ||     6
       Potion            |       |       |     1 ||     1
Armor: Scale mail        |    54 |    92 |    21 ||   167
Dodge: Dodged            |    42 |    73 |    23 ||   138
Block: Buckler           |    25 |    32 |    12 ||    69

Table legend: (Time is in decaauts)
 A = Elapsed time spent in this place.
 B = Non-inter-level travel time spent in this place.
 C = Inter-level travel time spent in this place.
 D = Time resting spent in this place.
 E = Time spent auto-exploring this place.
 F = Levels seen in this place.
 G = Mean time per level.
                   A        B        C        D        E       F      G
               +--------+--------+--------+--------+--------+-----+--------+
         Total |   4657 |   4610 |     47 |    878 |   2875 |   4 | 1164.2 |
       Dungeon |   4657 |   4610 |     47 |    878 |   2875 |   4 | 1164.2 |
               +--------+--------+--------+--------+--------+-----+--------+

Top non-repeatable levels by time:
     D:3: 2290 daAuts
     D:1: 1089 daAuts
     D:2: 674 daAuts
     D:4: 603 daAuts
